Map: Abyssal Reef LE

Players

NightEnD

  • Race: Protoss Protoss
  • Spawn Location: 11:00

TIME (Oliveira) - Winner!

  • Race: Terran Terran
  • Spawn Location: 5:00

Event: WCS Jonkoping 2017

VOD

Have the link to the VOD?

Description

Time

  • Played on: June 17, 2017, 7:07 a.m.
  • Length: 5:16

All games in this series

Show
View Real Time Build Order
Export as new Build Order

NightEnD Protoss 

Build Orders: 1 Gate Expand 

Get SALT Encoding   

  12  0:01  Probe (Chrono Boost)  
  13  0:11  Probe (Chrono Boost)  
  14  0:18  Pylon  
  14  0:22  Probe (Chrono Boost)  
  15  0:36  Probe (Chrono Boost)  
  15  0:40  Gateway  
  16  0:45  Assimilator  
  16  0:48  Probe (Chrono Boost)  
  17  0:58  Probe (Chrono Boost)  
  18  1:09  Probe (Chrono Boost)  
  19  1:19  Probe (Chrono Boost)  
  20  1:27  Nexus  
  20  1:35  Cybernetics Core  
  20  1:38  Probe (Chrono Boost)  
  21  1:43  Assimilator  
  21  1:51  Pylon  
  21  1:54  Probe (Chrono Boost)  
  22  2:05  Probe (Chrono Boost)  
  23  2:13  Adept  
  25  2:16  Mothership Core (Chrono Boost)  
  25  2:18  Warp Gate  
  27  2:34  Probe (Chrono Boost)  
  28  2:37  Robotics Facility  
  28  2:39  Probe (Chrono Boost)  
  28  2:42  Adept  
  31  2:45  Probe (Chrono Boost)  
  31  2:49  Probe (Chrono Boost)  
  33  2:55  Probe (Chrono Boost)  
  34  3:00  Probe (Chrono Boost)  
  35  3:06  Probe (Chrono Boost)  
  35  3:10  Probe (Chrono Boost), Adept  
  39  3:16  Probe (Chrono Boost)  
  40  3:20  Probe (Chrono Boost)  
  40  3:24  Observer (Chrono Boost)  
  42  3:27  Gateway  
  42  3:28  Probe  
  42  3:30  Probe  
  42  3:31  Gateway  
  44  3:35  Pylon  
  44  3:40  Probe  
  45  3:43  Twilight Council  
  45  3:45  Observer (Chrono Boost)  
  46  3:49  Pylon  
  46  3:53  Probe (Chrono Boost)  
  46  3:54  Probe (Chrono Boost)  
  48  3:58  Pylon  
  48  4:03  Probe (Chrono Boost)  
  48  4:08  Observer  
  48  4:09  Probe (Chrono Boost)  
  51  4:14  Probe (Chrono Boost)  
  52  4:20  Probe (Chrono Boost)  
  52  4:25  Nexus  
  52  4:29  Adept  
  53  4:32  Adept  
  53  4:38  Adept  
  53  4:43  Probe (Chrono Boost)  
  52  4:47  Probe (Chrono Boost)  
  51  4:55  Adept x2  
  56  5:02  Adept  
Show
View Real Time Build Order
Export as new Build Order

TIME Terran - Winner!

Build Orders: Reaper Expand 

Get SALT Encoding   

  12  0:01  SCV  
  13  0:13  SCV  
  14  0:17  Supply Depot  
  14  0:25  SCV  
  14  0:28  Refinery  
  15  0:39  SCV  
  16  0:45  Barracks  
  16  0:51  SCV  
  17  1:03  SCV  
  18  1:15  SCV  
  19  1:33  Orbital Command  
  19  1:34  Reaper  
  20  1:46  Command Center  
  20  1:56  Factory  
  20  2:00  SCV  
  21  2:06  Barracks Reactor  
  21  2:08  Refinery  
  21  2:12  SCV  
  22  2:17  Supply Depot  
  22  2:24  SCV  
  23  2:39  SCV  
  23  2:41  Starport, Widow Mine  
  23  2:44  Marine x2  
  28  2:52  SCV  
  29  2:59  Orbital Command  
  29  3:04  Marine x2, SCV  
  32  3:12  Factory Tech Lab  
  32  3:16  SCV  
  32  3:17  Medivac  
  35  3:22  Marine x2  
  35  3:24  SCV  
  38  3:29  SCV  
  38  3:32  Supply Depot  
  39  3:36  Siege Tank  
  39  3:38  SCV  
  39  3:40  Marine  
  39  3:41  Marine  
  45  3:52  Supply Depot  
  45  3:53  Medivac  
  45  3:55  SCV  
  48  3:56  SCV  
  48  3:58  Marine  
  48  3:59  Marine  
  51  4:07  SCV  
  51  4:09  Barracks  
  52  4:11  Barracks  
  52  4:16  Marine  
  53  4:23  SCV  
  54  4:27  Siege Tank, Starport Tech Lab  
  54  4:28  SCV  
  58  4:35  SCV, Engineering Bay  
  59  4:39  Supply Depot  
  59  4:40  SCV  
  59  4:47  SCV  
  59  4:48  Marine x2  
  59  4:52  SCV  
  60  4:59  SCV  
  61  5:02  Barracks Tech Lab  
  61  5:03  Refinery x2  
  61  5:07  Supply Depot  
  61  5:10  Supply Depot  
Tags
 
Add a new tag
Caveats
  • Supply blocks, unpowered buildings, or Contaminate may cause inaccurate times.
  • Supply counts are checked every 10 seconds.